 Dungeon Crawl Stone Soup version 0.26-a0-682-g294304f6e8 (webtiles) character file.

Game seed: 1386581760301093401

68 crixiilius the Covered (level 4, -1/41 HPs)
             Began as a Minotaur Fighter on Oct 21, 2020.
             Slain by an orc warrior
             ... wielding a +0 short sword
              (13 damage)
             ... on level 2 of the Dungeon.
             The game lasted 00:07:03 (1824 turns).

crixiilius the Covered (Minotaur Fighter)           Turns: 1824, Time: 00:07:04

Health: -1/41      AC:  8    Str: 21    XL:     4   Next: 1%
Magic:  3/3        EV:  7    Int:  5    God:
Gold:   99         SH: 10    Dex: 10    Spells: 3/3 levels left

rFire    . . .     SeeInvis .   a - +0 war axe
rCold    . . .     Faith    .   c - +1 kite shield
rNeg     . . .     Spirit   .   b - +0 scale mail
rPois    .         Reflect  .   (helmet restricted)
rElec    .         Harm     .   (no cloak)
rCorr    .         Rampage  .   m - +0 pair of gloves
MR       .....                  (no boots)
Stlth    ..........             (no amulet)
HPRegen  0.13/turn              (no ring)
MPRegen  0.08/turn              (no ring)

@: no status effects
A: retaliatory headbutt, horns 2
a: no special abilities


You were on level 2 of the Dungeon.
You visited 1 branch of the dungeon, and saw 2 of its levels.

You collected 99 gold pieces.

Inventory:

Hand Weapons
 a - a +0 war axe (weapon)
Armour
 b - a +0 scale mail (worn)
 c - a +1 kite shield (worn)
 m - a +0 pair of gloves (worn)
Wands
 h - a wand of enslavement (3)
 o - a wand of flame (6)
Scrolls
 f - a scroll of random uselessness {unknown}
 g - 4 scrolls of identify
 k - a scroll of enchant armour
 n - a scroll of remove curse
Potions
 d - a potion of might
 e - a potion of degeneration
 i - 4 potions of curing {unknown}
 j - a potion of lignification {unknown}
 l - a potion of heal wounds {unknown}


   Skills:
 + Level 4.3 Fighting
 + Level 3.3 Axes
 + Level 4.3 Armour
 + Level 4.2 Shields


You had 3 spell levels left.
You didn't know any spells.
Your spell library was empty.

Dungeon Overview and Level Annotations

Branches:
Dungeon (2/15)

Altars:


Innate Abilities, Weirdness & Mutations

You reflexively headbutt those who attack you in melee.
You have a pair of horns on your head.


Message History

The orc warrior is heavily wounded.
The orc wizard begins to cast a cantrip, but forgets the words!
You block the orc warrior's attack.
You hit the orc warrior but do no damage.
You headbutt the orc warrior!
The orc warrior is almost dead.
The orc warrior hits you with a +0 short sword!
You hit the orc warrior.
The orc warrior is almost dead.
The orc warrior hits you with a +0 short sword!
* * * LOW HITPOINT WARNING * * *
The orc warrior barely misses you.
You closely miss the orc warrior.
You headbutt the orc warrior, but do no damage.
The orc warrior is almost dead.
The orc warrior hits you but does no damage.
You barely miss the orc warrior.
The orc warrior is almost dead.
The orc warrior hits you with a +0 short sword!
You die...

### #.#############
#.#...........#
#.#.########### ###
#...# #.# #.#.# #.#
#.#.#######
###.##.###.#.......#
.......oo@........>.#
.######.###.#.####..#
#.###.#.####..#
#.[...........#
#.###.#.####..# ...#
#.### #..#
###.###.######.##
.......†.......#
###.###.######.#


You could see an orc warrior and an orc wizard.

Vanquished Creatures
  2 adders (D:2)
  A worm (D:2)
  2 dart slugs
  A leopard gecko (D:1)
  2 orcs (D:2)
  6 bats
  2 giant cockroaches (D:1)
  6 goblins
  2 hobgoblins (D:1)
  4 jackals (D:2)
  3 ball pythons
  3 frilled lizards
  A kobold (D:1)
  6 rats
41 creatures vanquished.

Notes
Turn   | Place    | Note
-------+----------+-------------------------------------------
     0 | D:1      | crixiilius the Minotaur Fighter began the quest for the
                  | Orb.
     0 | D:1      | Reached XP level 1. HP: 19/19 MP: 0/0
   352 | D:1      | Reached XP level 2. HP: 27/27 MP: 1/1
  1152 | D:2      | Reached XP level 3. HP: 33/33 MP: 2/2
  1806 | D:2      | Noticed an orc warrior
  1815 | D:2      | Reached XP level 4. HP: 38/41 MP: 3/3
  1824 | D:2      | Slain by an orc warrior

Illustrated notes

Levels and vault maps discovered:
D:1:      minmay_arrival_widening_spiral_wide, layout_loops_corners
D:2:      layout_basic

Skill      XL: |  1  2 |
---------------+-------+-----
Fighting       | 4 |  4.3
Armour         | 4 |  4.3
Shields        | 4 |  4.2
Axes           | 3 |  3.3

Action                   |  1- 3 |  4- 6 || total
-------------------------+-------+-------++-------
Melee: War axe           |   119 |     9 ||   128
       Headbutt          |    12 |     3 ||    15
Evoke: Wand              |     2 |       ||     2
  Use: Scroll            |     6 |       ||     6
Armor: Scale mail        |    79 |     1 ||    80
Dodge: Dodged            |    38 |     3 ||    41
Block: Kite shield       |    66 |     3 ||    69

Table legend: (Time is in decaauts)
 A = Elapsed time spent in this place.
 B = Non-inter-level travel time spent in this place.
 C = Inter-level travel time spent in this place.
 D = Time resting spent in this place.
 E = Time spent auto-exploring this place.
 F = Levels seen in this place.
 G = Mean time per level.
                   A        B        C        D        E       F      G
               +--------+--------+--------+--------+--------+-----+--------+
         Total |   1878 |   1878 |      0 |    140 |   1181 |   2 |  939.0 |
       Dungeon |   1878 |   1878 |      0 |    140 |   1181 |   2 |  939.0 |
               +--------+--------+--------+--------+--------+-----+--------+

Top non-repeatable levels by time:
     D:1: 1166 daAuts
     D:2: 711 daAuts
